 Dungeon Crawl Stone Soup version 0.29.1-2-gbd0b4ee654 (webtiles) character file.

Game seed: 17911336239929872147

325 qeuew the Agent of Entropy (level 6, 0/72 HPs)
             Began as a Demonspawn Abyssal Knight on Nov 11, 2022.
             Was a Priest of Lugonu.
             Slain by a gnoll
             ... wielding a +0 whip
             ... led by a gnoll bouda
              (8 damage)
             ... on level 3 of the Dungeon.
             The game lasted 00:04:59 (3499 turns).

qeuew the Agent of Entropy (DsAK)                   Turns: 3499, Time: 00:05:00

Health: 0/72       AC:  7    Str: 14    XL:     6   Next: 24%
Magic:  9/9        EV: 12    Int: 10    God:    Lugonu [***...]
Gold:   246        SH:  0    Dex: 18    Spells: 5/5 levels left

rFire   . . .      SeeInvis .   a - +2 hand axe
rCold   . . .      Faith    .   (no shield)
rNeg    . . .      Spirit   .   b - +1 leather armour
rPois   .          Reflect  .   (no helmet)
rElec   +          Harm     .   (no cloak)
rCorr   .          Rampage  .   (no gloves)
Will    .....                   (no boots)
Stlth   ..........              (no amulet)
HPRegen 0.22/turn               (no ring)
MPRegen 0.11/turn               (no ring)

@: berserking, very quick
A: claws 2, yellow scales 2, agile 1, electricity resistance
a: Renounce Religion, Depart the Abyss, Bend Space, Banish


You were on level 3 of the Dungeon.
You worshipped Lugonu.
Lugonu was most pleased with you.
You visited 1 branch of the dungeon, and saw 4 of its levels.
You visited the Abyss 1 time.

You collected 246 gold pieces.

Inventory:

Hand Weapons
 a - a +2 hand axe (weapon)
Armour
 b - a +1 leather armour (worn)
Scrolls
 d - a scroll of silence
 e - a scroll of enchant armour
 i - a scroll of teleportation
Potions
 g - a potion of flight


   Skills:
 + Level 4.1 Fighting
 + Level 3.0 Axes
 + Level 3.1 Armour
 + Level 2.5 Dodging
 + Level 4.3 Invocations


You had 5 spell levels left.
You didn't know any spells.
Your spell library contained the following spells:

 Spells                   Type           Power      Damage    Failure   Level
 Blink                    Tloc           0%         N/A       56%         2
 Gell's Gravitas          Tloc           0%         N/A       80%         3
 Lesser Beckoning         Tloc           0%         N/A       80%         3
 Teleport Other           Tloc           0%         N/A       80%         3
 Airstrike                Air            0%         2d(0-16)  99%         4
 Summon Lightning Spire   Summ/Air       0%         N/A       99%         4
 Lightning Bolt           Conj/Air       0%         1d11      100%        5
 Manifold Assault         Tloc           0%         N/A       100%        5


Dungeon Overview and Level Annotations

Branches:
Dungeon (4/15)
 Temple: D:4-7

Altars:

Annotations:
Abyss:1 Grinder, Ijyb


Innate Abilities, Weirdness & Mutations

You have very sharp fingernails.
You are mostly covered in yellow scales. (AC +3)
You are agile. (Dex +4, Str/Int -1)
You are resistant to electric shocks. (rElec)


Message History

The gnoll hits you from afar with a +0 halberd.
The gnoll barely misses you.
You barely miss the gnoll.
The gnoll is lightly wounded.
You hit the gnoll bouda. The gnoll barely misses you. x2
The gnoll bouda hits you but does no damage.
The gnoll hits you but does no damage. The ball python misses you.
The ball python closely misses you.
You hit the gnoll bouda but do no damage.
The gnoll bouda is lightly wounded.
You hit the gnoll. You completely miss the ball python.
The gnoll hits you from afar with a +0 spear!
The gnoll hits you from afar with a +0 halberd!
The gnoll hits you with a +0 whip. The ball python completely misses you.
The ball python closely misses you. The ball python closely misses you. x2
The gnoll bouda hits you with a +0 club.
The gnoll hits you from afar with a +0 spear!
* * * LOW HITPOINT WARNING * * *
The gnoll closely misses you. The gnoll barely misses you.
The gnoll bouda attacks as you move away!
The gnoll bouda misses you.
The gnoll bouda calls upon its god to heal the gnoll.
The gnoll is healed somewhat.
The ball python barely misses you. The ball python misses you.
The gnoll attacks as you move away! The gnoll closely misses you.
The ball python attacks as you move away!
The ball python barely misses you. The gnoll barely misses you.
The gnoll is no longer moving quickly. x2
The gnoll attacks as you move away! The gnoll hits you with a +0 whip.
* * * LOW HITPOINT WARNING * * *
There is a stone staircase leading up here.
The gnoll closely misses you.
You climb upwards.
There is a stone staircase leading down here.
A red film seems to cover your vision as you go berserk!
You feel yourself moving faster!
You feel mighty! The gnoll hits you with a +0 whip!
You die...

## #.<........##........#...
.# #..........##.)......#...
.# #####.#########.######...
.###### ##.# ##..# #...
......######..# #..#######...
#####......#).####
#.###........
######.......####...<.####...
#####..###.......#### #...
#######........g@..##### #...
.?...........####..##### ####
####.#######.#.........###
#### # #.#
#...#######...#####..# #.#
#..##...##............ #.#
#..#..........###..#.. ####.#
#..............##.#### .#...#
#.................# ....###
####.).............###


You could see a gnoll.

Vanquished Creatures
  Terence (D:3)
  An adder (D:2)
  An ufetubus (D:3)
  4 dart slugs
  4 ball pythons
  7 endoplasms
  A giant cockroach (D:1)
  6 goblins
  8 hobgoblins
  8 jackals
  2 quokkas (D:2)
  6 bats
  6 frilled lizards
  5 kobolds
  4 rats
64 creatures vanquished.

Notes
Turn   | Place    | Note
-------+----------+-------------------------------------------
     0 | Abyss:1  | qeuew the Demonspawn Abyssal Knight began the quest for the
                  | Orb.
     0 | Abyss:1  | Reached XP level 1. HP: 18/18 MP: 2/2
     5 | Abyss:1  | Found a corrupted altar of Lugonu.
    37 | D:1      | Escaped the Abyss
   264 | D:1      | Reached skill level 1 in Dodging
   447 | D:1      | Gained mutation: You have sharp fingernails. [demonic
                  | ancestry]
   447 | D:1      | Reached XP level 2. HP: 24/24 MP: 4/4
   879 | D:1      | Reached *** piety under Lugonu
  1030 | D:1      | Gained mutation: You are partially covered in yellow
                  | scales. (AC +2) [demonic ancestry]
  1030 | D:1      | Reached XP level 3. HP: 29/29 MP: 5/5
  2021 | D:2      | Found a faded altar of an unknown god.
  2698 | D:2      | Gained mutation: You are resistant to electric shocks.
                  | (rElec) [potion of mutation]
  2698 | D:2      | Gained mutation: You are agile. (Dex +4, Str/Int -1)
                  | [potion of mutation]
  2737 | D:3      | Gained mutation: You are mostly covered in yellow scales.
                  | (AC +3) [demonic ancestry]
  2737 | D:3      | Reached XP level 4. HP: 28/35 MP: 6/6
  2863 | D:3      | Noticed Grinder
  2864 | D:3      | Paralysed by Grinder for 2 turns
  2866 | D:3      | Banished Grinder
  2867 | D:3      | Gained mutation: You have very sharp fingernails. [demonic
                  | ancestry]
  2867 | D:3      | Reached XP level 5. HP: 42/42 MP: 2/8
  2881 | D:3      | Noticed Terence
  2886 | D:3      | Killed Terence
  2887 | D:3      | Reached XP level 6. HP: 44/48 MP: 4/9
  3056 | D:3      | Noticed Ijyb
  3068 | D:3      | Banished Ijyb
  3499 | D:3      | Slain by a gnoll

Illustrated notes

Levels and vault maps discovered:
D:1:      matt_arrival_spirals, layout_loops_corners, minmay_pentomino_p4
D:2:      layout_basic, chequers_ecumenical_altar_island
D:3:      layout_rooms, nicolae_underground_beach, uniq_terence, uniq_grinder,
          uniq_ijyb
D:4:      layout_rooms, dk_vineyard_2, minmay_bent, uniq_crazy_yiuf_cottage

Skill      XL: |  1  2  3  4 |
---------------+-------------+-----
Dodging        | 1 2 |  2.5
Axes           | 2 3 |  3.0
Armour         | 2 3 |  3.1
Invocations    | 3 4 |  4.3
Fighting       | 4 |  4.1

Action                   |  1- 3 |  4- 6 || total
-------------------------+-------+-------++-------
Melee: Hand axe          |   139 |    45 ||   184
       Punch             |     1 |     3 ||     4
Invok: Banish            |       |     3 ||     3
  Use: Potion            |     8 |     2 ||    10
       Scroll            |     7 |     3 ||    10
 Stab: Sleeping          |     1 |       ||     1
Armor: Leather armour    |    53 |    16 ||    69
Dodge: Dodged            |   107 |    48 ||   155
